 Dungeon Crawl Stone Soup version 0.29.1-13-g9f3cf754e1 (webtiles) character file.

Game seed: 16123614434965414571

7 adizb the Caller (level 1, -4/14 HPs)
             Began as a Demonspawn Summoner on Jan 26, 2023.
             Slain by a gnoll
             ... wielding a +0 spear
              (6 damage)
             ... on level 1 of the Dungeon.
             The game lasted 00:03:06 (365 turns).

adizb the Caller (Demonspawn Summoner)               Turns: 365, Time: 00:03:07

Health: -4/14      AC:  2    Str:  8    XL:     1   Next: 91%
Magic:  1/3        EV: 12    Int: 16    God:
Gold:   25         SH:  0    Dex: 13    Spells: 3/4 levels left

rFire   . . .      SeeInvis .   h - +0 whip
rCold   . . .      Faith    .   (no shield)
rNeg    . . .      Spirit   .   a - +0 robe
rPois   .          Reflect  .   (no helmet)
rElec   .          Harm     .   (no cloak)
rCorr   .          Rampage  .   (no gloves)
Will    .....                   (no boots)
Stlth   ++........              (no amulet)
HPRegen 0.04/turn               (no ring)
MPRegen 0.08/turn               (no ring)

@: very slightly contaminated
A: no striking features
a: no special abilities


You were on level 1 of the Dungeon.
You visited 1 branch of the dungeon, and saw 2 of its levels.

You collected 25 gold pieces.

Inventory:

Hand Weapons
 e - a +0 club
 h - a +0 whip (weapon)
Armour
 a - a +0 robe (worn)
 g - a +0 leather armour
Scrolls
 f - a scroll of enchant armour {unknown}
Potions
 b - a potion of magic
 c - a potion of heal wounds {unknown}
 d - a potion of lignification {unknown}


   Skills:
 + Level 0.4 Fighting
 - Level 1.7 Dodging
 - Level 1.7 Stealth
 * Level 2.2 Spellcasting
 * Level 4.1 Summonings


You had 3 spell levels left.
You knew the following spells:

 Your Spells              Type           Power      Damage    Failure   Level
a - Summon Small Mammal   Summ           60%        N/A       3%          1

Your spell library contained the following spells:

 Spells                   Type           Power      Damage    Failure   Level
 Call Imp                 Summ           15%        N/A       5%          2
 Call Canine Familiar     Summ           15%        N/A       11%         3
 Summon Guardian Golem    Hex/Summ       8%         N/A       26%         3
 Summon Lightning Spire   Summ/Air       8%         N/A       65%         4


Dungeon Overview and Level Annotations

Branches:
Dungeon (2/15)

Altars:

Annotations:
D:2 Sigmund


Message History

Your quokka dies!
Your quokka's corpse disappears in a puff of smoke!
Casting: Summon Small Mammal (safe; 3% risk of failure)
Press: ? - help, Q - select action Dir - look around, f - activate Your bat disappears in a puff of smoke!
There is a stone staircase leading down here.
You climb downwards.
Your summoned ally is left behind.
Sigmund shouts!
The kobold shouts!
Found 3 stones and a scroll labelled ENASABLEEZ.
There is a stone staircase leading up here.
Okay, then.
Sigmund gestures wildly while chanting.
Sigmund flickers and vanishes!
Deactivating autopickup; reactivate with Ctrl-A.
You climb upwards.
Reactivating autopickup.
Your bat disappears in a puff of smoke!
There is a stone staircase leading down here.
Casting: Summon Small Mammal (safe; 3% risk of failure)
Press: ? - help, Q - select action Dir - look around, f - activate You miscast Summon Small Mammal.
You are very lightly contaminated with residual magic.
Nothing appears to happen.
The gnoll hits you from afar with a +0 spear.
* * * LOW HITPOINT WARNING * * *
Casting: Summon Small Mammal (safe; 3% risk of failure)
Press: ? - help, Q - select action Dir - look around, f - activate The gnoll barely misses you.
The kobold throws a stone.
The stone barely misses you.
Your quokka bites the gnoll but does no damage.
Your quokka bites the gnoll.
The gnoll hits you with a +0 spear.
* * * LOW HITPOINT WARNING * * *
The kobold throws a stone.
The stone barely misses your quokka. The stone hits you but does no damage.
You completely miss the gnoll.
The gnoll is severely wounded.
Your quokka bites the gnoll but does no damage.
The kobold throws a stone.
The stone closely misses your quokka. The stone misses you.
The gnoll hits you with a +0 spear.
You die...

..###.##.#
#.........†......
'##..###.#
#.#########.#####
...### #.#
#.........#g# ####
#.### #.........#.#
#...# #.........#.#
###.####
#....÷....#.# #....#
#...........#
####.###.######..###
#...@g.####..##
#####.r.##..##
##.K...## #..>####
#####


You could see a gnoll (ally target), a kobold and a friendly quokka (summoned).

Vanquished Creatures
  A ball python (D:1)
  A frilled lizard (D:1)
  A kobold (D:1)
3 creatures vanquished.

Vanquished Creatures (collateral kills)
  A goblin (D:1)
  2 hobgoblins (D:1)
  2 rats (D:1)
5 creatures vanquished.

Vanquished Creatures (others)
  A plant (D:1)
1 creature vanquished.

Grand Total: 9 creatures vanquished

Notes
Turn   | Place    | Note
-------+----------+-------------------------------------------
     0 | D:1      | adizb the Demonspawn Summoner began the quest for the Orb.
     0 | D:1      | Reached XP level 1. HP: 13/13 MP: 3/3
   355 | D:2      | Noticed Sigmund
   365 | D:1      | Slain by a gnoll

Illustrated notes

Levels and vault maps discovered:
D:1:      dpeg_arrival_yet_another_circle, layout_basic, nicolae_grassy_gnolls
D:2:      layout_loops_ring, supply_closet_lemuel, uniq_robin, uniq_sigmund

Action                   || total
-------------------------++-------
Melee: Club              ||     9
       Unarmed           ||     4
       Whip              ||     1
 Cast: Summon Small Mamm ||    12
Armor: Robe              ||     4
Dodge: Dodged            ||    13
